 Dungeon Crawl Stone Soup version 0.18.1-50-g88ac8fd (webtiles) character file.

69 tyranidshit the Skirmisher (level 4, 36/45 HPs)
             Began as a Deep Dwarf Fighter on Sept 21, 2016.
             Quit the game on level 2 of the Dungeon.
             The game lasted 00:00:55 (515 turns).

tyranidshit the Skirmisher (Deep Dwarf Fighter)      Turns: 515, Time: 00:00:56

Health: 36/45      AC:  6    Str: 21    XL:     4   Next: 2%
Magic:  4/4        EV:  7    Int:  8    God:
Gold:   32         SH:  9    Dex: 12    Spells: 0 memorised, 3 levels left

rFire  . . .     SeeInvis .     a - +0 war axe
rCold  . . .     Gourm    .     b - +0 scale mail
rNeg   . . .     Faith    .     c - +0 shield
rPois  .         Spirit   .     (no helmet)
rElec  .         Dismiss  .     (no cloak)
rCorr  .         Reflect  .     (no gloves)
SustAt .         Harm     .     (no boots)
MR     .....                    (no amulet)
Stlth  ..........               (no ring)
                                (no ring)

@: non-regenerating, slowed, very slow, not resistant to hostile enchantments,
extremely unstealthy
A: damage resistance, recharge devices, sense surroundings 1, slow regeneration
3
a: Device Recharging


You were on level 2 of the Dungeon.
You were not hungry.

You visited 1 branch of the dungeon, and saw 2 of its levels.

You collected 32 gold pieces.

Inventory:

Hand Weapons
 a - a +0 war axe (weapon)
Armour
 b - a +0 scale mail (worn)
 c - a +0 shield (worn)
 l - a +0 helmet
Wands
 e - a wand of heal wounds (4/9)
 p - a wand of lightning (8/15)
Scrolls
 g - 2 scrolls of amnesia {unknown}
 h - 2 scrolls of fear {unknown}
 i - a scroll of noise {unknown}
 j - a scroll of identify {unknown}
 k - a scroll of teleportation {unknown}
Potions
 d - 2 potions of might
 m - a potion of cure mutation {unknown}
 o - a potion of curing {unknown}
Comestibles
 f - 3 bread rations
 n - 2 fruits


   Skills:
 + Level 4.4 Fighting
 - Level 2.1 Axes
 - Level 3.2 Armour
 - Level 3.2 Shields


You had 3 spell levels left.
You didn't know any spells.

Dungeon Overview and Level Annotations

Branches:
Dungeon (2/15)

Altars:
Cheibriados
Yredelemnul


Innate Abilities, Weirdness & Mutations

You are resistant to damage.
You can recharge devices by infusing magical energy.
You passively map a small area around you.
You do not regenerate naturally.


Message History

The shadow imp hits you but does no damage.
Natasha stares at you and mumbles some strange words.
You resist with some effort.
The shadow imp hits you but does no damage.
You slash Natasha!
You kill Natasha!
Natasha screams in fury as she dies!
You have reached level 4!
You feel stronger.
You closely miss the shadow imp.
The shadow imp is heavily wounded.
The shadow imp disappears in a puff of smoke!
The crimson imp disappears in a puff of smoke!
You see here the felid corpse of Natasha.
No target in view!
No target in view!
No target in view!
No target in view!
No target in view!
Are you sure you want to abandon this character and quit the game? (Confirm with "yes".)

, ....##....†.<#####
>
....8#..###.#......#
,....##..###.#.###..#
* * 8...8##......#.#
*, , , #_# #.........
*, * ,*
######..#####.., * ,
#.............. , ,*
,#.#....########### <
..........@.......# ,
#.#...........[..#.
*,#..#......†....#
#..#...........# *
#.,#?..........# ,,,
,## #.#.#####...... ,
#.#.# .####. , ,
#.#.* .# , , #. * # ,
,


There were no monsters in sight!

Vanquished Creatures
  Ijyb (D:2)
  Natasha (D:2)
  2 giant geckos (D:1)
  A giant cockroach (D:1)
  3 goblins
  A ball python (D:1)
  2 bats (D:1)
  3 kobolds (D:1)
  4 rats (D:1)
18 creatures vanquished.

Notes
Turn   | Place    | Note
--------------------------------------------------------------
     0 | D:1      | tyranidshit the Deep Dwarf Fighter began the quest for the Orb.
     0 | D:1      | Reached XP level 1. HP: 20/20 MP: 1/1
     2 | D:1      | Noticed a merfolk
     2 | D:1      | Noticed a centaur
     4 | D:1      | Noticed a minotaur
     4 | D:1      | Noticed a demonspawn
     6 | D:1      | Noticed a naga
     6 | D:1      | Noticed a gargoyle
     8 | D:1      | Noticed a draconian
     8 | D:1      | Noticed a ghoul
    10 | D:1      | Noticed a demigod
    10 | D:1      | Noticed a dwarf
    12 | D:1      | Noticed a felid
    12 | D:1      | Noticed an ogre
    14 | D:1      | Noticed a spriggan
    14 | D:1      | Noticed a formicid
    16 | D:1      | Noticed a human
    18 | D:1      | Noticed an elf
    18 | D:1      | Noticed an octopode
    20 | D:1      | Noticed a vine stalker
    22 | D:1      | Noticed a tengu
    22 | D:1      | Noticed a halfling
    24 | D:1      | Noticed a troll
    24 | D:1      | Noticed a vampire
    81 | D:1      | Reached skill level 3 in Fighting
   242 | D:1      | Reached XP level 2. HP: 28/28 MP: 2/2
   472 | D:2      | Noticed Ijyb
   486 | D:2      | Killed Ijyb
   486 | D:2      | Reached skill level 4 in Fighting
   486 | D:2      | Reached XP level 3. HP: 33/36 MP: 3/3
   490 | D:2      | Found a snail-covered altar of Cheibriados.
   491 | D:2      | Found a basalt altar of Yredelemnul.
   498 | D:2      | Noticed Natasha
   505 | D:2      | HP: 1/36 [shadow imp/nerve-wracking pain[Natasha] (13)]
   511 | D:2      | Killed Natasha
   511 | D:2      | Reached XP level 4. HP: 36/45 MP: 4/4
   515 | D:2      | Quit the game

Skill      XL: |  1  2 |
---------------+-------+-----
Fighting       | 3 4 |  4.4
Axes           | |  2.1
Armour         | |  3.2
Shields        | |  3.2

Action                   |  1- 3 |  4- 6 || total
-------------------------+-------+-------++-------
Melee: War axe           |    49 |       ||    49
Evoke: Wand              |     1 |       ||     1
Armor: Scale mail        |    33 |       ||    33
Dodge: Dodged            |    15 |       ||    15
Block: Shield            |    24 |       ||    24
